 Dungeon Crawl Stone Soup version 0.31-a0-145-g046c7d2549 (webtiles) character file.

Game seed: 16790718166216215216

32 Esekla the Sneak (level 3, 26/26 HPs)
             Began as an Octopode Delver on June 6, 2023.
             Quit the game on level 5 of the Dungeon.
             The game lasted 00:02:35 (260 turns).

Esekla the Sneak (Octopode Delver)                   Turns: 260, Time: 00:02:36

Health: 26/26      AC:  1    Str: 11    XL:     3   Next: 27%
Magic:  3/3        EV: 13    Int: 14    God:
Gold:   36         SH:  0    Dex: 13    Spells: 3/3 levels left

rFire   . . .        a - +0 falchion
rCold   . . .        (no shield)
rNeg    . . .        (helmet restricted)
rPois   .            (no amulet)
rElec   .            (no ring)
rCorr   .            (no ring)
SInv    .            (no ring)
Will    .....        (no ring)
Stlth   ++++         (no ring)
HPRegen 0.24/turn    (no ring)
MPRegen 0.08/turn    (no ring)
                     (no ring)

%: no passive effects
@: no status effects
A: almost no armour, amphibious, 8 rings, camouflage 1, gelatinous body 1,
(nimble swimmer 1), tentacles
a: no special abilities


You were on level 5 of the Dungeon.
You visited 1 branch of the dungeon, and saw 1 of its levels.

You collected 36 gold pieces.

Inventory:

Hand Weapons
 a - a +0 falchion (weapon)
Missiles
 g - 6 poisoned darts (quivered)
Jewellery
 c - an amulet of regeneration
Wands
 f - a wand of digging (3)
Scrolls
 b - a scroll of fog
 d - 2 scrolls of fear
 h - a scroll of teleportation {unknown}
Potions
 e - a potion of haste
 i - a potion of curing {unknown}


   Skills:
 * Level 3.2 Fighting
 * Level 2.2 Long Blades
 * Level 2.2 Dodging
 + Level 7.2 Stealth
 * Level 0.5 Spellcasting


You had 3 spell levels left.
You didn't know any spells.
Your spell library was empty.

Dungeon Overview and Level Annotations

Branches:
Dungeon (5/15)
 Temple: D:4-7

Altars:
Fedhas
Makhleb
Qazlal
Xom

Shops:
D:5 [

Annotations:
D:5 Dowan, Duvessa


Innate Abilities, Weirdness & Mutations

You cannot wear most types of armour.
You are amphibious.
You can wear up to eight rings at the same time.
Your skin changes colour to match your surroundings (Stealth+).
Your rubbery body absorbs attacks. (AC +1, EV +1)
((You are camouflaged when in or above water. (Stealth+)))
You have tentacles for arms and can constrict up to eight enemies at once.


Message History

You kill the hound!
Your Stealth skill increases to level 7!
You have reached level 2!
You have reached level 3!
Your experience leads to an increase in your attributes!
Increase (S)trength, (I)ntelligence, or (D)exterity?
You feel clever. x2
You start resting.
HP restored.
An orc wizard comes into view. It is wielding a +0 dagger.
Found a shimmering altar of Xom.
A lemure comes into view.
Duvessa, Sister of Dowan comes into view.
She is wielding a +0 rapier.
Found 5 javelins.
Duvessa shouts!
Duvessa yells, "You can run, but you cannot escape us forever!"
Duvessa drinks a potion.
Duvessa seems to grow stronger.
As you read the scroll of fear, it crumbles to dust.
You assume a fearsome visage.
Duvessa looks frightened!
Dowan looks frightened!
Dowan shouts!
The scorpion looks frightened!
Dowan mumbles some strange words.
Dowan blinks!
Found a dented blue amulet.
Dowan gestures wildly while chanting.
Dowan blinks!
You see here 4 gold pieces.
You now have 36 gold pieces (gained 4).
Found Wodufi's Armour Emporium.
Duvessa seems to regain her courage.
You see here an amulet of regeneration.
c - an amulet of regeneration
As you read the scroll of fear, it crumbles to dust.
You assume a fearsome visage.
Duvessa looks frightened!
A hound comes into view.
Found a morningstar.
Found an escape hatch in the ceiling.
There is an entrance to Wodufi's Armour Emporium here.
Found a shimmering altar of Xom.
A yak comes into view.
Are you sure you want to abandon this character and quit the game? (Confirm with "yes".)

#...........,
#♣∩♣........,
#...........,
#.♣.........,
#...h..)<...,
######...........,
#...............,,
#.##############**
#@# #.# ****#.#
**,,,..# *,,*...#*
*,*.....*
*,.._...*
*..#Y#..*
#......##


You could see a yak (asleep).

Vanquished Creatures
  A hound (D:5)
  A dart slug (D:5)
2 creatures vanquished.

Notes
Turn   | Place    | Note
-------+----------+-------------------------------------------
     0 | D:5      | Esekla the Octopode Delver began the quest for the Orb.
     0 | D:5      | Reached XP level 1. HP: 16/16 MP: 1/1
     1 | D:5      | Found a burning altar of Makhleb.
     1 | D:5      | Noticed a green death
    96 | D:5      | Found a blossoming altar of Fedhas.
    98 | D:5      | Found a stormy altar of Qazlal.
   138 | D:5      | Noticed Dowan
   144 | D:5      | Noticed a scorpion
   145 | D:5      | Noticed a hound
   162 | D:5      | Killed a hound
   163 | D:5      | Reached skill level 7 in Stealth
   163 | D:5      | Reached XP level 2. HP: 13/21 MP: 2/2
   163 | D:5      | Reached XP level 3. HP: 16/26 MP: 3/3
   218 | D:5      | Found a shimmering altar of Xom.
   219 | D:5      | Noticed a lemure
   225 | D:5      | Noticed Duvessa
   237 | D:5      | Found Wodufi's Armour Emporium.
   256 | D:5      | Found a shimmering altar of Xom.
   257 | D:5      | Noticed a yak
   260 | D:5      | Quit the game

Illustrated notes

Levels and vault maps discovered:
D:5:      layout_basic, grunt_temple_overflow_forces_of_nature,
          makhleb_altar_promises_db, serial_shops, nicolae_shop_trees,
          hangedman_feature_mirror, minmay_misc_feat_encased, uniq_pikel,
          uniq_duvessa, uniq_edmund

Skill      XL: |  1 |
---------------+----+-----
Stealth        | 7 |  7.2
Fighting       | |  3.2
Long Blades    | |  2.2
Dodging        | |  2.2
Spellcasting   | |  0.5

Action                     || total
---------------------------++-------
  Melee: Falchion          ||    11
         Constrict         ||     2
         Tentacles         ||     2
    Use: Scroll            ||     3
 Armour: Skin              ||     1
  Dodge: Dodged            ||     9

Table legend: (Time is in decaauts)
 A = Elapsed time spent in this place.
 B = Non-inter-level travel time spent in this place.
 C = Inter-level travel time spent in this place.
 D = Time resting spent in this place.
 E = Time spent auto-exploring this place.
 F = Levels seen in this place.
 G = Mean time per level.
                   A        B        C        D        E       F      G
               +--------+--------+--------+--------+--------+-----+--------+
         Total |    262 |    262 |      0 |     59 |      0 |   1 |  262.0 |
       Dungeon |    262 |    262 |      0 |     59 |      0 |   1 |  262.0 |
               +--------+--------+--------+--------+--------+-----+--------+

Top non-repeatable levels by time:
     D:5: 262 daAuts
